 Dungeon Crawl Stone Soup version 0.24.0-125-gc4c63601f3 (webtiles) character file.

Game seed: 17498521427468308835, levelgen mode: deterministic

190 Mesmaeker13 the Digger (level 5, -2/31 HPs)
             Began as an Octopode Earth Elementalist on Feb 16, 2020.
             Killed by nerve-wracking pain
             ... invoked by a shadow imp
             ... summoned by Natasha
              (13 damage)
             ... on level 3 of the Dungeon.
             The game lasted 00:05:17 (3232 turns).

Mesmaeker13 the Digger (OpEE)                       Turns: 3232, Time: 00:05:18

Health: -2/31      AC:  1    Str: 13    XL:     5   Next: 69%
Magic:  1/9        EV: 14    Int: 19    God:
Gold:   149        SH:  0    Dex: 12    Spells: 6/10 levels left

rFire    . . .     SeeInvis .   d - +2 flail (protect)
rCold    + . .     Gourm    .   (no shield)
rNeg     . . .     Faith    .   (helmet restricted)
rPois    .         Spirit   .   k - amulet of the acrobat
rElec    .         Reflect  .   a - +6 ring of strength
rCorr    .         Harm     .   s - ring of protection from cold
MR       .....                  (no ring)
Stlth    +++.......             (no ring)
HPRegen  0.10/turn              (no ring)
MPRegen  0.11/turn              (no ring)
                                (no ring)
                                (no ring)

@: slowed, very slow
A: almost no armour, stealthy swim, amphibious, 8 rings, constrict 8, camouflage
1, gelatinous body 1
a: no special abilities


You were on level 3 of the Dungeon.
You were not hungry.

You visited 1 branch of the dungeon, and saw 3 of its levels.

You collected 149 gold pieces.

Inventory:

Hand Weapons
 d - a +2 flail of protection (weapon)
 o - a +1 mace of holy wrath
Missiles
 b - 39 stones (quivered)
Jewellery
 a - a +6 ring of strength (left tentacle)
 k - an amulet of the acrobat (around mantle)
 r - an uncursed ring of poison resistance {unknown}
 s - a ring of protection from cold (right tentacle)
Wands
 q - a wand of flame (13)
Scrolls
 e - 2 scrolls of fear
 f - 2 scrolls of teleportation
 g - a scroll of enchant weapon
 i - a scroll of enchant armour {unknown}
 j - 2 scrolls of remove curse {unknown}
 m - a scroll of magic mapping
 p - 2 scrolls of blinking
Potions
 h - a potion of haste {unknown}
 l - 2 potions of might
Comestibles
 c - 5 rations


   Skills:
 + Level 3.5 Dodging
 - Level 2.6 Stealth
 - Level 3.1 Spellcasting
 + Level 1.6 Conjurations
   Level 1.0 Transmutations
 + Level 4.2 Earth Magic


You had 6 spell levels left.
You knew the following spells:

 Your Spells              Type           Power        Failure   Level  Hunger
a - Sandblast             Erth           ###...       2%          1    None
b - Stone Arrow           Conj/Erth      ##....       14%         3    ###....

Your spell library contained the following spells:

 Spells                   Type           Power        Failure   Level  Hunger
 Passwall                 Tmut/Erth      ##......     8%          2    ##.....
 Petrify                  Tmut/Erth      ##......     45%         4    ####...
 Lee's Rapid Deconstruct  Erth           ###.......   58%         5    ######.


Dungeon Overview and Level Annotations

Branches:
Dungeon (3/15)

Altars:
Okawaru
Uskayaw
Zin

Annotations:
D:2 1 runed translucent door, Crazy Yiuf
D:3 Natasha


Innate Abilities, Weirdness & Mutations

You cannot wear most types of armour.
You are very stealthy in the water. (Stealth+)
You are amphibious.
You can wear up to eight rings at the same time.
You can use your tentacles to constrict eight enemies at once.
Your skin changes colour to match your surroundings (Stealth+).
Your rubbery body absorbs attacks. (AC +1, EV +1)


Message History

Natasha casts a spell at you.
You feel as though you will be slow longer.
The shadow imp hits you. Natasha claws you!
Casting: Sandblast (safe; 2% risk of failure)
Confirm with . or Enter, or press ? or * to list all spells.
Aiming: Sandblast (safe; 2% risk of failure)
Press: ? - help, Shift-Dir - straight line, f/p - Natasha
Aim: Natasha (severely wounded)
The blast of sand misses Natasha.
b - 39 stones Natasha closely misses you.
The shadow imp barely misses you.
Casting: Sandblast (safe; 2% risk of failure)
Confirm with . or Enter, or press ? or * to list all spells.
You don't have enough magic to cast that spell.
You barely miss Natasha. Your grab misses Natasha.
Natasha is severely wounded.
Natasha claws you. The shadow imp misses you. The shadow imp gestures at you.
Pain shoots through your body!
You die...

....#[##......##.#...##
...#.#..........#.#..#
...##............##..############
..#....(...........#............#
.....................####........
.##..###..................#######
..................)....########
########.......5..............#
#.....>.h@......#....).#
#......................###
#........................#
#...............#......#..
##.............##......##.
##..#..#........รท........
####..#####..##......### .8..8
###........... ..P..P.
############


You could see Natasha and a shadow imp.

Vanquished Creatures
  An orc wizard (D:3)
  Natasha (twice) (D:3)
  Ijyb (D:3)
  3 adders (D:2)
  2 worms (D:3)
  A dart slug (D:2)
  A leopard gecko (D:2)
  4 orcs (D:3)
  5 bats
  3 giant cockroaches (D:2)
  4 goblins
  5 hobgoblins
  2 quokkas
  A ball python (D:1)
  4 frilled lizards
  4 kobolds
  10 rats
53 creatures vanquished.

Notes
Turn   | Place    | Note
-------+----------+-------------------------------------------
     0 | D:1      | Mesmaeker13 the Octopode Earth Elementalist began the quest
                  | for the Orb.
     0 | D:1      | Reached XP level 1. HP: 11/11 MP: 3/3
   345 | D:1      | Reached XP level 2. HP: 17/17 MP: 5/5
  1074 | D:2      | Reached XP level 3. HP: 12/21 MP: 3/6
  1680 | D:2      | Found a runed translucent door.
  1681 | D:2      | Noticed Crazy Yiuf
  1920 | D:2      | Reached XP level 4. HP: 17/27 MP: 2/8
  2252 | D:3      | Noticed a -3 hand axe
  2252 | D:3      | Noticed a +0 hand axe
  2253 | D:3      | Found a hide-covered altar of Uskayaw.
  2303 | D:3      | Found a glowing silver altar of Zin.
  2303 | D:3      | Found an iron altar of Okawaru.
  2369 | D:3      | Learned a level 3 spell: Stone Arrow
  2383 | D:3      | Noticed Natasha
  2763 | D:3      | Killed Natasha
  2763 | D:3      | Reached skill level 1 in Conjurations
  2763 | D:3      | Reached skill level 4 in Earth Magic
  2763 | D:3      | Reached XP level 5. HP: 31/31 MP: 4/9
  2930 | D:3      | Noticed Ijyb
  2950 | D:3      | Killed Ijyb
  3134 | D:3      | Noticed Natasha
  3142 | D:3      | Killed Natasha
  3224 | D:3      | Noticed Natasha
  3232 | D:3      | Killed from afar by a shadow imp

Levels and vault maps discovered:
D:1:      minmay_arrival_nine_rooms, layout_basic
D:2:      layout_loops_ring, first_ration, uniq_crazy_yiuf_cottage
D:3:      layout_rooms, dancing_weapons_uskayaw,
          gammafunk_temple_overflow_elements, chequers_ecumenical_altar_lobes,
          minmay_misc_feat_secret_circle, uniq_ijyb, uniq_natasha

Skill      XL: |  1  2  3  4 |
---------------+-------------+-----
Dodging        | 3 |  3.5
Spellcasting   | 3 |  3.1
Conjurations   | 1 |  1.6
Earth Magic    | 4 |  4.2
Stealth        | |  2.6
Transmutations | |  1.0

Action                   |  1- 3 |  4- 6 || total
-------------------------+-------+-------++-------
Melee: Unarmed           |     6 |       ||     6
       Dagger            |    48 |    14 ||    62
       Constrict         |    13 |     8 ||    21
       Tentacles         |     7 |     7 ||    14
       Flail             |       |    12 ||    12
       Mace              |       |     2 ||     2
 Cast: Sandblast         |    18 |    12 ||    30
       Stone Arrow       |       |     6 ||     6
  Use: Scroll            |     3 |     5 ||     8
 Stab: Sleeping          |    12 |       ||    12
  Eat: Chunk             |     3 |     5 ||     8
Armor: Skin              |     3 |     2 ||     5
Dodge: Dodged            |    34 |    24 ||    58
